 Dungeon Crawl Stone Soup version 0.20-b1-24-gb21faa7 (webtiles) character file.

1147 vatarom the Slasher (level 8, -1/63 HPs)
             Began as a Formicid Fighter on May 25, 2017.
             Slain by a naga
             ... wielding a +0 battleaxe
              (9 damage)
             ... on level 2 of the Abyss.
             The game lasted 00:14:12 (4616 turns).

vatarom the Slasher (Formicid Fighter)              Turns: 4616, Time: 00:14:12

Health: -1/63      AC:  8    Str: 20    XL:     8   Next: 64%
Magic:  8/8        EV:  8    Int: 11    God:
Gold:   358        SH: 16    Dex: 10    Spells: 7/7 levels left

rFire    . . .     SeeInvis +   a - +1 long sword
rCold    . . .     Gourm    .   i - +1 large shield
rNeg     . . .     Faith    .   b - +0 scale mail
rPois    .         Spirit   .   (helmet unavailable)
rElec    .         Reflect  .   h - +0 cloak
rCorr    .         Harm     .   (no gloves)
MR       .....                  (no boots)
Stlth    ..........             (no amulet)
Regen    0.2/turn               o - ring of wizardry
MPRegen  0.2/turn               (no ring)

@: lethally poisoned (-1 -> -3)
A: permanent stasis, dig shafts and tunnels, four strong arms, antennae 3
a: Dig, Shaft Self


You were on level 2 of the Abyss.
You were not hungry.

You visited 1 branch of the dungeon, and saw 8 of its levels.
You visited the Abyss 1 time.

You collected 358 gold pieces.

Inventory:

Hand Weapons
 a - a +1 long sword (weapon)
Armour
 b - a +0 scale mail (worn)
 c - a +0 shield
 h - a +0 cloak (worn)
 i - a +1 large shield (worn)
Jewellery
 k - an uncursed ring of stealth {unknown}
 o - a ring of wizardry (left hand)
Wands
 n - a wand of acid (6/15)
Scrolls
 d - a scroll of acquirement {unknown}
 e - 2 scrolls of fog
 g - 6 scrolls of remove curse
 j - a scroll of enchant weapon
 m - 2 scrolls of identify
 p - a scroll of enchant armour
Potions
 q - a potion of curing
Comestibles
 f - 3 bread rations
 l - 3 meat rations
 s - 3 chunks of flesh


   Skills:
 + Level 5.4 Fighting
 - Level 7.1 Long Blades
 - Level 3.2 Armour
 - Level 3.2 Dodging
 - Level 6.0 Shields


You had 7 spell levels left.
You didn't know any spells.

Dungeon Overview and Level Annotations

Branches:
Dungeon (9/15)                Orc (0/2) D:9
 Temple: D:4-7         Lair: D:8-11

Altars:
Ashenzari
Dithmenos
Fedhas
Makhleb
Sif Muna
Zin

Shops:
D:4 [

Annotations:
D:8 mike2R's ghost, novice DrVM
D:9 Erolcha


Innate Abilities, Weirdness & Mutations

You cannot be hasted, slowed, berserked, paralysed or teleported.
You can dig through walls and to a lower floor.
Your four strong arms can wield two-handed weapons with a shield.
You have a pair of large antennae on your head. (SInv)


Message History

You can't shaft yourself on this level.
Your shield prevents you from hitting the insubstantial wisp.
The naga spits poison at you. You block the splash of poison.
The insubstantial wisp hits you!
The insubstantial wisp blinks!
The guardian serpent coils itself and waves its upper body at you.
You resist with some effort. The insubstantial wisp hits you.
The insubstantial wisp blinks!
The guardian serpent coils itself and performs some mystic snake dance.
The naga warrior blinks!
The insubstantial wisp blinks!
The insubstantial wisp hits you!
* * * LOW HITPOINT WARNING * * *
The naga warrior spits poison at you. The splash of poison hits you!
You are poisoned.
* * * LOW HITPOINT WARNING * * *
Unknown command.
You closely miss the insubstantial wisp.
You feel sick. The naga hits you with a battleaxe!
You die...

{ ## { .# {
##v ###. #.#
#.. ####N#
#....##@N#
#...##Sv## #
.#..#.# #
##...ยงยง###
#........#
#.##.....#
#. ###.###
#.# .### #.#


You could see a naga warrior, a guardian serpent, a naga and 2 insubstantial
wisps.

Vanquished Creatures
  A small abomination (Abyss:2)
  A black bear (D:8)
  A necrophage (D:8)
  2 centaurs (D:8)
  An ogre (D:8)
  A bullfrog (D:4)
  A howler monkey (D:3)
  3 crimson imps
  A bullfrog zombie (D:5)
  4 hounds
  2 worker ants (D:4)
  4 iguanas
  A howler monkey skeleton (D:4)
  5 adders
  A worm (D:3)
  A dart slug (D:4)
  A leopard gecko (D:4)
  6 orcs
  6 giant cockroaches
  7 goblins
  10 hobgoblins
  3 jackals (D:3)
  A quokka (D:3)
  7 bats
  6 frilled lizards
  4 kobolds
  10 rats
91 creatures vanquished.

Notes
Turn   | Place    | Note
-------+----------+-------------------------------------------
     0 | D:1      | vatarom the Formicid Fighter began the quest for the Orb.
     0 | D:1      | Reached XP level 1. HP: 18/18 MP: 1/1
    69 | D:1      | Reached skill level 1 in Dodging
   165 | D:1      | Reached XP level 2. HP: 19/24 MP: 2/2
   408 | D:1      | Reached XP level 3. HP: 29/29 MP: 3/3
  1265 | D:2      | Found a shattered altar of Ashenzari.
  1275 | D:2      | Reached XP level 4. HP: 35/35 MP: 4/4
  1468 | D:2      | Found a blossoming altar of Fedhas.
  1681 | D:3      | Found a shadowy altar of Dithmenos.
  1831 | D:3      | Reached XP level 5. HP: 41/41 MP: 5/5
  2522 | D:4      | Noticed a bullfrog
  2532 | D:4      | Killed a bullfrog
  2532 | D:4      | Reached skill level 3 in Long Blades
  2532 | D:4      | Reached skill level 5 in Shields
  2532 | D:4      | Reached XP level 6. HP: 42/47 MP: 6/6
  2579 | D:4      | Found Nezxirch's Antique Armour Shop.
  3027 | D:4      | Found a deep blue altar of Sif Muna.
  3166 | D:5      | Entered Level 5 of the Dungeon
  3195 | D:5      | Reached skill level 4 in Long Blades
  3195 | D:5      | Reached XP level 7. HP: 50/52 MP: 7/7
  3378 | D:5      | Found a glowing silver altar of Zin.
  3447 | D:5      | Reached skill level 5 in Long Blades
  3594 | D:5      | You fall through a shaft for 2 floors!
  3602 | D:7      | You fall through a shaft for 2 floors!
  3844 | D:8      | Found a glowing silver altar of Zin.
  3869 | D:8      | Reached skill level 6 in Long Blades
  3878 | D:8      | Reached XP level 8. HP: 12/58 MP: 8/8
  4143 | D:8      | Reached skill level 7 in Long Blades
  4149 | D:8      | Noticed mike2R's ghost (novice DrVM)
  4246 | D:9      | Found a staircase to the Orcish Mines.
  4380 | D:8      | Found a burning altar of Makhleb.
  4422 | D:7      | You fall through a shaft for 2 floors!
  4464 | D:9      | Noticed Erolcha
  4479 | D:9      | Cast into level 2 of the Abyss (Erolcha)
  4582 | Abyss:2  | Reached skill level 5 in Fighting
  4608 | Abyss:2  | Noticed a guardian serpent
  4608 | Abyss:2  | Noticed a naga warrior
  4616 | Abyss:2  | Slain by a naga

Skill      XL: |  1  2  3  4  5  6  7  8 |
---------------+-------------------------+-----
Dodging        | 1 2 3 |  3.2
Shields        | 4 5 6 |  6.0
Long Blades    | 3 4 6 7 |  7.1
Fighting       | 5 |  5.4
Armour         | |  3.2

Action                   |  1- 3 |  4- 6 |  7- 9 || total
-------------------------+-------+-------+-------++-------
Melee: Long sword        |   105 |   166 |   166 ||   437
 Abil: Shaft Self        |       |       |     3 ||     3
Evoke: Wand              |       |       |     3 ||     3
  Use: Potion            |     5 |       |     5 ||    10
       Scroll            |     3 |     6 |     3 ||    12
  Eat: Chunk             |     1 |     2 |     2 ||     5
       Bread ration      |       |     2 |       ||     2
Armor: Scale mail        |    35 |    42 |    41 ||   118
Dodge: Dodged            |    36 |    52 |    61 ||   149
Block: Shield            |    46 |    18 |       ||    64
       Large shield      |       |   111 |   189 ||   300
       Rpst.: Long sword |    17 |    17 |    13 ||    47
